 Dungeon Crawl Stone Soup version 0.17.0-25-gefc9c12 (console) character file.

2 gw the Caller (level 1, 0/14 HPs)
             Began as a Mummy Summoner on Nov 18, 2015.
             Slain by a hobgoblin (2 damage)
             ... on level 1 of the Dungeon.
             The game lasted 00:00:18 (324 turns).

gw the Caller (Mummy Summoner)                       Turns: 324, Time: 00:00:18

Health: 0/14       AC:  2    Str: 11    XL:     1   Next: 33%
Magic:  0/3        EV: 12    Int: 14    God:
Gold:   18         SH:  0    Dex: 12    Spells: 1 memorised, 3 levels left

rFire  x . .     SeeInvis .     b - +0 club
rCold  + . .     Clarity  .     a - +0 robe
rNeg   + + +     SustAt   .     (no shield)
rPois  ∞         Gourm    .     (no helmet)
rElec  .         Spirit   .     (no cloak)
rCorr  .         Warding  .     (no gloves)
rMut   .         Stasis   .     (no boots)
MR     .....                    (no amulet)
Stlth  ++........               (no ring)
                                (no ring)

@: not resistant to hostile enchantments, unstealthy
A: no food or potions, fire vulnerability, cold resistance 1, negative energy
resistance 3, torment resistance, unbreathing
a: no special abilities


You were on level 1 of the Dungeon.
You were not hungry.

You visited 1 branch of the dungeon, and saw 1 of its levels.

You collected 18 gold pieces.

Inventory:

Hand Weapons
 b - a +0 club (weapon)
Missiles
 d - 20 poisoned needles
Armour
 a - a +0 robe (worn)
Books
 c - a book of Callings

   Spells                             Type                      Level
   a - Summon Small Mammal            Summoning                    1
   b - Call Imp                       Summoning                    2
   c - Call Canine Familiar           Summoning                    3
   d - Summon Guardian Golem          Hexes/Summoning              3
   e - Summon Lightning Spire         Summoning/Air                4
   f - Summon Ice Beast               Ice/Summoning                4


   Skills:
 + Level 0.4 Fighting
 * Level 0.0 Maces & Flails
 + Level 0.1 Throwing
 + Level 0.1 Armour
 - Level 1.5 Dodging
 - Level 1.5 Stealth
 - Level 2.0 Spellcasting
 - Level 3.2 Summonings


You had 3 spell levels left.
You knew the following spells:

 Your Spells              Type           Power        Failure   Level  Hunger
a - Summon Small Mammal   Summ           ##..         10%         1    N/A

Dungeon Overview and Level Annotations

Branches:
Dungeon (1/15)

Altars:


Innate Abilities, Weirdness & Mutations

You do not eat or drink.
Your flesh is vulnerable to fire.
You are immune to poison.
Your flesh is cold resistant.
You are immune to negative energy.
You are immune to unholy pain and torment.
You can survive without breathing.


Message History

Attempting RANGED ATTACK TO (-2,1); ATTACKING (-1,0)
You swing at nothing.
Your quokka disappears in a puff of smoke!
Casting: Summon Small Mammal
Confirm with . or Enter, or press ? or * to list all spells.
The hobgoblin hits you.
Your bat closely misses the kobold.
The kobold closely misses you.
A hobgoblin comes into view.
You can't eat.
Your bat hits the kobold but does no damage. x2
The hobgoblin barely misses you.
Your bat closely misses the kobold.
The kobold hits you with a dagger.
There isn't anything here!
ATTACKING (-1,0)
You hit the hobgoblin but do no damage.
Your bat hits the kobold but does no damage.
Your bat barely misses the kobold.
Your bat hits the kobold. The hobgoblin misses you.
Your bat misses the kobold. The kobold hits you with a dagger.
The hobgoblin hits you.
You die...

####.######....
..#.##........
########.#.##.####...
......#.#.##.# #...
..........##.## #...
#.#####.##.##rb..#
#...
#..........##....#
...
#.#####r#..##....#
...
#....gMb#..##....#
...g..#K.#..##......
..... ...#..####.....
.... ....#..# #.#...#
... ...$.#..# .#.##.
.. ......#..# .
.......# #####...#


You could see 2 hobgoblins, a kobold, a friendly bat and a friendly rat.

Table legend:
 A = Turns spent in this place as a percentage of turns spent in the entire game.
 B = Non-inter-level travel turns spent in this place as a percentage of non-inter-level travel turns spent in the entire game.
 C = Inter-level travel turns spent in this place as a percentage of turns spent in this place.
 D = Turns resting spent in this place as a percentage of non-inter-level travel turns spent in this place.
 E = Turns spent auto-exploring this place as a percentage of non-inter-level travel turns spent in this place.
 F = Non-inter-level travel turns spent in this place divided by the number of levels of this place that you've seen.
                   A       B       C       D       E      F
               +-------+-------+-------+-------+-------+----------------------
         Total | 100.0 | 100.0 |   0.0 |   0.8 |   2.9 | 522.0
       Dungeon | 100.0 | 100.0 |   0.0 |   0.8 |   2.9 | 522.0
               +-------+-------+-------+-------+-------+----------------------

Table legend:
 A = Kills in this place as a percentage of kills in entire the game.
 B = Kills by you in this place as a percentage of kills by you in the entire game.
 C = Kills by friends in this place as a percentage of kills by friends in the entire game.
 D = Other kills in this place as a percentage of other kills in the entire game.
 E = Experience gained in this place as a percentage of experience gained in the entire game.
 F = Experience gained in this place divided by the number of levels of this place that you have seen.
                   A       B       C       D       E      F
               +-------+-------+-------+-------+-------+----------------------
         Total | 100.0 |  -nan | 100.0 |  -nan | 100.0 |   4.0
       Dungeon | 100.0 |  -nan | 100.0 |  -nan | 100.0 |   4.0
               +-------+-------+-------+-------+-------+----------------------

Vanquished Creatures (collateral kills)
  A hobgoblin (D:1)
  2 bats (D:1)
  A rat (D:1)
4 creatures vanquished.

Notes
Turn   | Place    | Note
--------------------------------------------------------------
     0 | D:1      | gw the Mummy Summoner began the quest for the Orb.
     0 | D:1      | Reached XP level 1. HP: 13/13 MP: 3/3
   324 | D:1      | Slain by a hobgoblin

Action                   || total
-------------------------++-------
Melee: Club              ||     3
 Cast: Summon Small Mamm ||    12

Vault maps used:
D:1:      ncdulo_wetmaze, roderic_roman_lattice, hangedman_decor_points,
          st_stairs_6
